 Dungeon Crawl Stone Soup version 0.27-a0-1135-g81dfa19a63 (console) character file.

Game seed: 16764965167785785636

4227 GreatCaesar the Thaumaturge (level 10, 0/73 HPs)
             Began as a Djinni Arcane Marksman on May 4, 2021.
             Was an Initiate of Ashenzari.
             Killed from afar by Erica (31 damage)
             ... with a lance of force
             ... on level 8 of the Dungeon.
             The game lasted 00:46:25 (12181 turns).

GreatCaesar the Thaumaturge (DjAM)                 Turns: 12181, Time: 00:46:28

Health: 0/73       AC:  7    Str:  7    XL:     10   Next: 30%
Gold:   690        EV: 12    Int: 25    God:    Ashenzari [......] SH:  8 Dex: 19

rFire    + + +     SeeInvis .   a - +6 flail {vorpal, rElec rN+ rCorr Str-2 Int+6}
rCold    x . .     Faith    .   i - +2 buckler
rNeg     + . .     Spirit   .   d - +3 leather armour
rPois    ∞         Reflect  .   h - +0 helmet
rElec    +         Harm     .   (no cloak)
rCorr    +         Rampage  .   (no gloves)
Will     +....                  (boots unavailable)
Stlth    +.........             M - amulet of regeneration
HPRegen  1.22/turn              F - ring of protection from fire
MPRegen  0.00/turn              K - +6 ring of dexterity

@: flying, slowed, very slow
A: sickness immunity, fire resistance 2, cold vulnerability 1, float, innate
caster, hp casting, extra vitality 1
a: Renounce Religion


You were on level 8 of the Dungeon.
You worshipped Ashenzari.
Ashenzari was noncommittal.
You visited 2 branches of the dungeon, and saw 9 of its levels.
You also visited: Ossuary.

You collected 690 gold pieces.

Inventory:

Hand Weapons
 a - the +6 flail of Yredelemnul's Esteem (weapon) {vorpal, rElec rN+ rCorr Str-2 Int+6}
   (You found it on level 7 of the Dungeon)

   It inflicts extra damage upon your enemies.
   It affects your strength (-2).
   It affects your intelligence (+6).
   It insulates you from electricity.
   It protects you from negative energy.
   It protects you from acid and corrosion.
 b - a +0 long sword
 c - a +2 dagger of venom
 J - a +0 trident
 N - a +3 dagger
 Q - a +3 war axe
 S - a +3 falchion
 V - a +4 dagger of chaos
Missiles
 f - 86 poisoned darts (quivered)
 o - 332 stones
 E - 11 boomerangs
 P - a curare-tipped dart
 R - 5 javelins
 T - 3 throwing nets
Armour
 d - a +3 leather armour (worn)
 h - a +0 helmet (worn)
 i - a +2 buckler (worn)
Magical Staves
 k - a staff of fire
Jewellery
 F - a ring of protection from fire (left hand)
 K - a +6 ring of dexterity (right hand)
 M - an amulet of regeneration (around neck)
Wands
 L - a wand of polymorph (11)
Scrolls
 j - a scroll of enchant weapon
 q - 2 scrolls of fog
 s - 4 scrolls of teleportation
 y - 2 scrolls of torment
 B - a scroll of noise
 C - 2 scrolls of enchant armour
 D - a scroll of blinking
 I - a scroll of magic mapping
Potions
 m - 2 potions of mutation
 n - 4 potions of curing
 p - 2 potions of might
 r - 2 potions of cancellation
 t - a potion of brilliance
 v - a potion of haste
 x - 4 potions of heal wounds
 z - 2 potions of attraction
 A - 3 potions of invisibility
 H - 2 potions of berserk rage


   Skills:
 * Level 6.9 Fighting
 - Level 1.5 Throwing
 - Level 2.1 Dodging
 - Level 4.0 Shields
 + Level 10.6 Spellcasting


You had 4 spell levels left.
You knew the following spells:

 Your Spells              Type           Power      Damage    Failure   Level
a - Shock                 Conj/Air       100%       1d9       1%          1
b - Ignite Poison         Fire/Tmut/Pois 61%        N/A       1%          3
c - Stone Arrow           Conj/Erth      100%       3d13      1%          3
d - Static Discharge      Conj/Air       61%        N/A       1%          2
e - Leda's Liquefaction   Hex/Erth       30%        N/A       1%          4
f - Cause Fear            Hex            30%        N/A       1%          4
g - Corona                Hex            67%        N/A       1%          1
j - Inner Flame           Hex/Fire       61%        N/A       1%          3
p - Portal Projectile     Hex/Tloc       100%       N/A       1%          3
s - Slow                  Hex            61%        N/A       1%          2
Your spell library was empty.

Dungeon Overview and Level Annotations

Branches:
Dungeon (8/15)             Temple (1/1) D:6         Ossuary (visited)
   Lair: D:8-11

Altars:
Ashenzari
Cheibriados
Dithmenos
Elyvilon
Fedhas
Gozag
Hepliaklqana
Kikubaaqudgha
Makhleb
Nemelex Xobeh
Okawaru
Qazlal
Ru
Sif Muna
Trog
Uskayaw
Vehumet
Wu Jian
Xom
Yredelemnul
Zin
Lugonu

Shops:
D:1 *

Annotations:
D:6 Sigmund
D:8 Erica


Innate Abilities, Weirdness & Mutations

You are immune to sickness and miasma.
You are immune to poison.
Your flesh is very heat resistant. (rF++)
You are vulnerable to cold. (rC-)
You float through the air rather than walking.
You learn spells naturally, not from books.
Your magical power is your life essence.
You have superior vitality. (+4 HP)


Message History

Press: ? - help, Shift-Dir - straight line The zap hits something.
Casting: Shock (safe; 1% risk of failure)
Confirm with . or Enter, or press ? or * to list all spells.
Aiming: Shock (safe; 1% risk of failure)
Press: ? - help, Shift-Dir - straight line The zap hits something.
You feel yourself slow down.
Casting: Shock (safe; 1% risk of failure)
Confirm with . or Enter, or press ? or * to list all spells.
Aiming: Shock (safe; 1% risk of failure)
Press: ? - help, Shift-Dir - straight line The zap hits something.
Casting: Shock (safe; 1% risk of failure)
Confirm with . or Enter, or press ? or * to list all spells.
You can't see any susceptible monsters within range! (Use Z to cast anyway.) Unknown command.
Casting: Shock (safe; 1% risk of failure)
Confirm with . or Enter, or press ? or * to list all spells.
Nothing appears to happen.
Something hits you!
Casting: Cause Fear (dangerous; 1% risk of failure)
Confirm with . or Enter, or press ? or * to list all spells.
You can't see any susceptible monsters within range! (Use Z to cast anyway.) Unknown command.
Casting: Cause Fear (dangerous; 1% risk of failure)
Confirm with . or Enter, or press ? or * to list all spells.
Something is struck by an arc of lightning!
You resist.
You are struck by an arc of lightning.
Something hits you! Something burns you. Something hits you!
Unknown command.
Casting: Static Discharge (safe; 1% risk of failure)
Confirm with . or Enter, or press ? or * to list all spells.
You don't know that spell.
Casting: Static Discharge (safe; 1% risk of failure)
Confirm with . or Enter, or press ? or * to list all spells.
Something is struck by an arc of lightning!
You resist.
You are struck by an arc of lightning.
You hear some strange, mumbled words.
A lance of force appears from out of thin air!
The lance of force hits you!!
You die...

.....#.### #......# #.##..
######)# ##...#######.##.#
.......####### #............##
#....#.#.....# #....##.####..
.........###.####.#.###....#.#
##.....)># #......#.#
##...#.##.#
##.#<..)###.###.##.# #._.# #..
#.####.)...# #.##.# #...# ####
# ####### #@##.# ##### #.#
#{##.# ##Z## #.# # #.##.# #####
#. #. ###########.##.##########
##
#.#......@.....##..........###.
........>.################.#.#
##.######/# ##.## .....# #.#
#.# #..###.######### #.#


There were no monsters in sight!

Vanquished Creatures
  Psyche (D:8)
  Prince Ribbit (D:8)
  A wraith (D:8)
  Menkaure (D:6)
  A steam dragon (D:6)
  Edmund (D:6)
  2 water moccasins
  A sky beast (D:5)
  An orc warrior (D:6)
  A black bear (D:7)
  A necrophage (D:4)
  2 ice beasts
  2 centaurs
  2 ogres
  A phantom (D:4)
  A kobold brigand (D:7)
  6 bullfrogs
  Blork the orc (D:6)
  A gnoll sergeant (D:6)
  A scorpion (D:5)
  2 water moccasin zombies (D:3)
  A wyvern skeleton (D:6)
  8 wights
  A bullfrog zombie (D:6)
  3 hounds
  3 jellies
  3 orc priests
  2 centaur skeletons
  3 iguanas
  6 orc wizards
  3 hound skeletons
  9 mummies
  A howler monkey zombie (D:8)
  Robin (D:2)
  8 gnolls
  2 howler monkey skeletons
  3 adders
  A white imp (D:6)
  An ufetubus (D:5)
  2 adder skeletons (D:3)
  2 worms (D:4)
  18 orcs
  2 endoplasms (D:1)
  A giant cockroach (D:3)
  2 gnoll zombies (Ossuary)
  10 goblins
  11 hobgoblins
  10 kobolds
  5 quokkas
  4 ball pythons
  2 ball python zombies (D:3)
  A bat (D:3)
  3 frilled lizards (D:1)
  A giant cockroach zombie (D:3)
  A goblin zombie (D:4)
  3 hobgoblin zombies
  A jackal skeleton (D:3)
  A jackal zombie (D:3)
  2 kobold zombies (Ossuary)
  2 orc zombies (Ossuary)
  A quokka zombie (D:3)
  8 rats
  A spectral orc (D:8)
184 creatures vanquished.

Vanquished Creatures (others)
  A human (D:8)
  A plant (D:1)
  6 withered plants (D:3)
8 creatures vanquished.

Grand Total: 192 creatures vanquished

Notes
Turn   | Place    | Note
-------+----------+-------------------------------------------
     0 | D:1      | GreatCaesar the Djinni Arcane Marksman began the quest for
                  | the Orb.
     0 | D:1      | Reached XP level 1. HP: 17/17 MP: 0/0
   372 | D:1      | Reached skill level 3 in Spellcasting
   467 | D:1      | Reached XP level 2. HP: 22/22 MP: 0/0
   555 | D:1      | Found Toitos's Assorted Antiques.
   580 | D:1      | Found a faded altar of an unknown god.
  1453 | D:2      | Reached XP level 3. HP: 23/27 MP: 0/0
  1453 | D:2      | Learned a level 1 spell: Shock
  1765 | D:2      | Noticed Robin
  1775 | D:2      | Killed Robin
  1952 | D:2      | Reached XP level 4. HP: 28/32 MP: 0/0
  2397 | D:2      | Reached skill level 4 in Spellcasting
  2928 | D:3      | Found a sacrificial altar of Ru.
  3161 | D:3      | Reached XP level 5. HP: 23/38 MP: 0/0
  3161 | D:3      | Learned a level 2 spell: Static Discharge
  3348 | D:3      | Found a bloodstained altar of Trog.
  3525 | D:3      | Found a sparkling altar of Nemelex Xobeh.
  3547 | D:3      | Reached skill level 5 in Spellcasting
  3791 | D:4      | Reached XP level 6. HP: 35/45 MP: 0/0
  3798 | D:4      | Noticed a necrophage
  3804 | D:4      | Killed a necrophage
  3905 | D:4      | Found a sand-covered staircase.
  3991 | Ossuary  | Entered an ossuary
  4395 | Ossuary  | Reached skill level 6 in Spellcasting
  4395 | Ossuary  | Reached XP level 7. HP: 44/49 MP: 0/0
  4395 | Ossuary  | Learned a level 3 spell: Ignite Poison
  5346 | D:4      | Found a stormy altar of Qazlal.
  5467 | D:4      | Identified Sif Muna's Catalogue of Attacks
  5889 | D:4      | Reached skill level 7 in Spellcasting
  6299 | D:5      | Entered Level 5 of the Dungeon
  6662 | D:5      | Found a shimmering altar of Xom.
  6662 | D:5      | Found a hazy altar of Hepliaklqana.
  6662 | D:5      | Found a snail-covered altar of Cheibriados.
  6663 | D:5      | Found a burning altar of Makhleb.
  6673 | D:5      | Reached XP level 8. HP: 54/56 MP: 0/0
  7389 | D:6      | Reached skill level 8 in Spellcasting
  7635 | D:6      | Noticed Menkaure
  7680 | D:6      | Identified the +1 robe of Gaics {Rampage +Blink Int-5
                  | Dex-2}
  7695 | D:6      | Found a staircase to the Ecumenical Temple.
  8252 | Temple   | Entered the Ecumenical Temple
  8305 | D:6      | Killed Menkaure
  9262 | D:6      | Reached skill level 9 in Spellcasting
  9452 | D:6      | Noticed Edmund
  9484 | D:6      | Reached XP level 9. HP: 35/62 MP: 0/0
  9484 | D:6      | Learned a level 3 spell: Stone Arrow
  9523 | D:6      | Noticed Blork the orc
  9543 | D:6      | Killed Blork the orc
  9621 | D:6      | Noticed Sigmund
  9728 | D:7      | Identified the +6 flail of Yredelemnul's Esteem {vorpal,
                  | rElec rN+ rCorr Str-2 Int+6}
  9750 | D:7      | Reached skill level 1 in Shields
 10123 | D:5      | Found a hazy altar of Hepliaklqana.
 10124 | D:5      | Found a shimmering altar of Xom.
 10124 | D:5      | Found a burning altar of Makhleb.
 10125 | D:5      | Found a snail-covered altar of Cheibriados.
 10132 | D:5      | Reached skill level 5 in Fighting
 10214 | D:6      | Killed Edmund
 11450 | D:8      | Reached skill level 10 in Spellcasting
 11450 | D:8      | Reached XP level 10. HP: 73/73 MP: 0/0
 11566 | D:8      | Noticed Erica
 11605 | D:8      | Found a basalt altar of Yredelemnul.
 11767 | D:8      | Noticed Prince Ribbit
 11773 | D:8      | Killed Prince Ribbit
 11882 | D:8      | Noticed Psyche
 11950 | D:8      | Killed Psyche
 12056 | D:8      | Found a broken altar of Ashenzari.
 12067 | D:8      | Became a worshipper of Ashenzari the Shackled
 12181 | D:8      | Killed from afar by Erica

Illustrated notes

Levels and vault maps discovered:
D:1:      sevenhm_arrival_forest_fort_small_5, layout_rooms,
          shapermc_ecumenical_altar_hornbeckon, serial_shops, shop,
          minmay_tripent
D:2:      layout_loops_ring, uniq_robin
D:3:      layout_basic, nicolae_ru_sacrificial_ziggurat,
          nemelex_spade_bored_becter, nicolae_vehumet_altar_sigil,
          lemuel_round_altar, serial_undead, serial_undead_f, serial_undead_c,
          serial_undead_b, serial_undead_f, serial_undead_d, serial_undead_e,
          serial_undead_a, serial_undead_d, serial_undead_f, serial_undead_e,
          minmay_tree_intersection
D:4:      layout_basic, lemuel_round_altar, led_sif_book,
          nicolae_ossuary_entry_giza
D:5:      layout_loops_ring, chequers_temple_overflow_statue_of_worship
D:6:      layout_cave_pools, minmay_temple_entry_glass, uniq_blork_the_orc,
          uniq_sigmund, uniq_edmund, uniq_menkaure
D:7:      layout_basic
D:8:      layout_loops_ring, yredelemnul_forgotten_temple_becter,
          amcnicky_altar_gilded, tgw_kikubaaqudgha, uniq_psyche,
          uniq_prince_ribbit1, uniq_maggie, uniq_erica
Temple:   corrupted_temple

Skill      XL: |  1  2  3  4  5  6  7  8  9 |
---------------+----------------------------+-----
Spellcasting   | 3 4 5 6 7 9 10 | 10.6
Fighting       | 2 3 4 6 |  6.9
Shields        | 4 |  4.0
Throwing       | |  1.5
Dodging        | |  2.1

Action                   |  1- 3 |  4- 6 |  7- 9 | 10-12 || total
-------------------------+-------+-------+-------+-------++-------
Melee: Long sword        |    54 |       |       |       ||    54
       Unarmed           |     1 |       |       |     7 ||     8
       Mace              |       |       |     6 |       ||     6
Throw: Javelin           |     4 |       |     5 |       ||     9
 Cast: Corona            |    11 |       |       |       ||    11
       Shock             |    24 |   136 |   302 |    47 ||   509
       Cause Fear        |       |       |    14 |     1 ||    15
       Static Discharge  |       |       |    32 |    14 ||    46
       Portal Projectile |       |       |     1 |       ||     1
       Stone Arrow       |       |       |     7 |       ||     7
       Slow              |       |       |     2 |       ||     2
 Stab: Distracted        |     1 |       |       |       ||     1
       Confused          |       |       |       |     2 ||     2
Armor: Robe              |     9 |     9 |    10 |       ||    28
       Leather armour    |       |       |       |     1 ||     1
Dodge: Dodged            |    46 |    25 |    42 |    12 ||   125
Block: Buckler           |       |       |     8 |     5 ||    13
       Rpst.: Long sword |    14 |     6 |     1 |       ||    21

Table legend: (Time is in decaauts)
 A = Elapsed time spent in this place.
 B = Non-inter-level travel time spent in this place.
 C = Inter-level travel time spent in this place.
 D = Time resting spent in this place.
 E = Time spent auto-exploring this place.
 F = Levels seen in this place.
 G = Mean time per level.
                   A        B        C        D        E       F      G
               +--------+--------+--------+--------+--------+-----+--------+
         Total |  12240 |  11266 |    974 |   3109 |   5531 |  10 | 1224.0 |
       Dungeon |  11627 |  10666 |    961 |   2826 |   5414 |   8 | 1453.4 |
        Temple |     46 |     33 |     13 |      0 |     32 |   1 |   46.0 |
       Ossuary |    565 |    565 |      0 |    283 |     85 |   1 |  565.0 |
               +--------+--------+--------+--------+--------+-----+--------+

Top non-repeatable levels by time:
     D:5: 2694 daAuts
     D:4: 2078 daAuts
     D:1: 1518 daAuts
     D:6: 1215 daAuts
     D:3: 1120 daAuts
     D:2: 1119 daAuts
     D:7: 1060 daAuts
     D:8: 820 daAuts
 Ossuary: 565 daAuts
  Temple: 46 daAuts
